 Dungeon Crawl Stone Soup version 0.31-a0-175-g9f7f995f2b (webtiles) character file.

Game seed: 6043768376501694074

450 qw the Chopper (level 7, -11/43 HPs)
             Began as a Gargoyle Fighter on June 17, 2023.
             Mangled by an ogre
             ... wielding a +0 giant spiked club
              (28 damage)
             ... on level 4 of the Dungeon.
             The game lasted 00:01:36 (2801 turns).

qw the Chopper (Gargoyle Fighter)                   Turns: 2801, Time: 00:01:37

Health: -11/43     AC: 15    Str: 21    XL:     7   Next: 4%
Magic:  7/7        EV:  8    Int:  9    God:
Gold:   122        SH:  4    Dex:  9    Spells: 6/6 levels left

rFire   . . .        Y - +0 war axe (flame)
rCold   . . .        c - +0 buckler
rNeg    + . .        h - +0 chain mail
rPois   inf          m - +0 helmet
rElec   +            (no cloak)
rCorr   .            (no gloves)
SInv    .            (no boots)
Will    .....        (no amulet) Stlth
                     (no ring)
HPRegen 0.27/turn    (no ring)
MPRegen 0.10/turn

%: no passive effects
@: no status effects
A: sickness immunity, AC +4, negative energy resistance 1, electricity
resistance, torment resistance 1, petrification resistance
a: no special abilities


You were on level 4 of the Dungeon.
You visited 1 branch of the dungeon, and saw 4 of its levels.

You collected 122 gold pieces.


Innate Abilities, Weirdness & Mutations

You are immune to sickness and miasma.
Your stone body is resilient. (AC +4)
You are immune to poison.
You resist negative energy. (rN+)
You are resistant to electric shocks. (rElec)
You are resistant to unholy torment.
You are immune to petrification.


   Skills:
 - Level 4.0 Fighting
 + Level 6.2 Axes
 - Level 3.2 Armour
 - Level 1.0 Dodging
 - Level 3.2 Shields


You had 6 spell levels left.
You didn't know any spells.
Your spell library was empty.

Inventory:

Hand Weapons
 Y - a +0 war axe of flaming (weapon)
Armour
 c - a +0 buckler (worn)
 h - a +0 chain mail (worn)
 m - a +0 helmet (worn)
Scrolls
 n - 2 scrolls of teleportation
Potions
 a - 4 potions of heal wounds
 b - a potion of haste {unknown}
 d - a potion of might
 e - a potion of resistance {unknown}
 f - a potion of curing
 g - a potion of brilliance {unknown}
 i - a potion of lignification {unknown}
 l - a potion of mutation {unknown}
 o - a potion of attraction {unknown}

Dungeon Overview and Level Annotations

Branches:
Dungeon (4/15)
 Temple: D:4-7

Altars:
Nemelex Xobeh


Message History

Enter note:
Enter note: A ball python comes into view.
Enter note:
Enter note:
Enter note:
Enter note: You closely miss the ball python.
You block the ball python's attack. The ball python grabs you.
The ball python constricts you.
You slash the ball python! You burn the ball python.
You kill the ball python!
a - 4 potions of heal wounds (gained 1)
A ball python comes into view.
Enter note:
Enter note:
Enter note:
Enter note: You hit the ball python.
You burn the ball python.
You kill the ball python!
An ogre comes into view. It is wielding a +0 giant spiked club.
Found 13 gold pieces.
The ogre shouts!
Enter note:
Enter note:
Enter note:
Enter note:
Enter note:
Enter note: An iguana comes into view.
The iguana hisses angrily.
You slash the ogre! You burn the ogre.
The ogre is heavily wounded.
The ogre hits you with a +0 giant spiked club!!
Ouch! That really hurt!
You hit the ogre. You burn the ogre.
The ogre is heavily wounded.
The ogre hits you with a +0 giant spiked club!!
Ouch! That really hurt!
You die...

#.........$..
#.............
...............
...............#.....
#...l.....[.# ......
#...........###.<...
#####...O........##...##
.......@................
#####.........#..#......
#...................
#....#.###..........
######.# ###..#..... #.#
#..#..... #.# #..###...
#.# #... #### #.# ..##.
#


You could see an ogre and an iguana.

Vanquished Creatures
  Sigmund (D:3)
  2 hounds (D:4)
  Ijyb (D:3)
  Natasha (thrice) (D:3)
  Robin (D:2)
  3 adders
  3 worms (D:2)
  2 dart slugs
  6 ball pythons
  7 endoplasms
  2 giant cockroaches
  10 goblins
  6 hobgoblins
  12 jackals
  2 quokkas (D:2)
  4 bats (D:1)
  5 frilled lizards
  6 kobolds
  9 rats
85 creatures vanquished.

Notes
Turn   | Place    | Note
-------+----------+-------------------------------------------
     0 | D:1      | qw the Gargoyle Fighter began the quest for the Orb.
     0 | D:1      | Reached XP level 1. HP: 14/14 MP: 1/1
     0 | D:1      | 0 ||| qw: Version: 0.3-a-2-g5ab2908
     0 | D:1      | 0 ||| qw: Game counter: 322
     0 | D:1      | 0 ||| qw: Always use a shield: true
     0 | D:1      | 0 ||| qw: God list: Okawaru
     0 | D:1      | 0 ||| qw: Allow faded altars: false
     0 | D:1      | 0 ||| qw: Do Orc after D:15 true
     0 | D:1      | 0 ||| qw: Do second Lair branch before Depths: true
     0 | D:1      | 0 ||| qw: Lair rune preference: random
     0 | D:1      | 0 ||| qw: Plans: Normal, Zot:1-4, Slime:5, God:TSO, Crypt,
                  | Tomb, Abyss, Pan, Hells, Win
     0 | D:1      | 0 ||| PLANNING D:1-11
   184 | D:1      | Reached skill level 2 in Axes
   246 | D:1      | 246 ||| Stepping ~*~*~tactically~*~*~ (stealth).
   255 | D:1      | 255 ||| Stepping ~*~*~tactically~*~*~ (stealth).
   269 | D:1      | Reached XP level 2. HP: 19/19 MP: 2/2
   290 | D:1      | 290 ||| Stepping ~*~*~tactically~*~*~ (hiding).
   291 | D:1      | 291 ||| Stepping ~*~*~tactically~*~*~ (hiding).
   377 | D:1      | 377 ||| Stepping ~*~*~tactically~*~*~ (stealth).
   474 | D:1      | Reached skill level 3 in Axes
   480 | D:1      | Reached XP level 3. HP: 20/23 MP: 3/3
   564 | D:1      | 564 ||| Stepping ~*~*~tactically~*~*~ (stealth).
   670 | D:1      | 670 ||| UPGRADING to +0 chain mail.
   680 | D:1      | 680 ||| DROPPING +0 scale mail.
   681 | D:1      | 681 ||| DROPPING ring of magical power.
   682 | D:1      | 682 ||| READING 2 scrolls labelled XIRCHE ZEOJAFE.
   683 | D:1      | 683 ||| READING scroll labelled JICHOL PAFEH.
   684 | D:1      | 684 ||| DROPPING +0 whip.
   685 | D:1      | 685 ||| READING scroll labelled BOPEOF APOX.
   686 | D:1      | 686 ||| DROPPING scroll of blinking.
   728 | D:2      | 728 ||| Stepping ~*~*~tactically~*~*~ (stealth).
   730 | D:2      | 730 ||| Stepping ~*~*~tactically~*~*~ (hiding).
   737 | D:2      | 737 ||| FLEEEEING.
   738 | D:2      | 738 ||| FLEEEEING.
   739 | D:2      | 739 ||| FLEEEEING.
   740 | D:2      | 740 ||| FLEEEEING.
   741 | D:2      | 741 ||| FLEEEEING.
   742 | D:2      | 742 ||| FLEEEEING.
   743 | D:2      | 743 ||| FLEEEEING.
   744 | D:2      | 744 ||| FLEEEEING.
   745 | D:2      | 745 ||| FLEEEEING.
   746 | D:2      | 746 ||| FLEEEEING.
   814 | D:2      | Found a sparkling altar of Nemelex Xobeh.
   938 | D:2      | 938 ||| Stepping ~*~*~tactically~*~*~ (hiding).
  1168 | D:2      | Reached XP level 4. HP: 28/28 MP: 4/4
  1222 | D:2      | Noticed Robin
  1230 | D:2      | Killed Robin
  1231 | D:2      | Reached skill level 4 in Axes
  1236 | D:2      | 1236 ||| FLEEEEING.
  1238 | D:2      | 1238 ||| FLEEEEING.
  1239 | D:2      | 1239 ||| FLEEEEING.
  1240 | D:2      | 1240 ||| FLEEEEING.
  1241 | D:2      | 1241 ||| FLEEEEING.
  1242 | D:2      | 1242 ||| FLEEEEING.
  1243 | D:2      | 1243 ||| FLEEEEING.
  1244 | D:2      | 1244 ||| FLEEEEING.
  1245 | D:2      | 1245 ||| FLEEEEING.
  1246 | D:2      | 1246 ||| FLEEEEING.
  1247 | D:2      | 1247 ||| FLEEEEING.
  1248 | D:2      | 1248 ||| FLEEEEING.
  1608 | D:2      | 1608 ||| UPGRADING to +0 helmet.
  1613 | D:2      | 1613 ||| READING 2 scrolls labelled NEORHU NOGAJEI.
  1614 | D:2      | 1614 ||| READING scroll labelled TUTOERCH CATUT.
  1619 | D:2      | 1619 ||| DRINKING 2 bubbling purple potions.
  1620 | D:2      | 1620 ||| DRINKING 2 golden potions.
  1621 | D:2      | 1621 ||| DROPPING scroll of fog.
  1672 | D:3      | Noticed Sigmund
  1681 | D:3      | Killed Sigmund
  1682 | D:3      | Reached skill level 5 in Axes
  1682 | D:3      | Reached XP level 5. HP: 19/32 MP: 5/5
  1682 | D:3      | Reached XP level 6. HP: 21/37 MP: 6/6
  1754 | D:3      | Noticed Ijyb
  1756 | D:3      | 1756 ||| FLEEEEING.
  1757 | D:3      | 1757 ||| FLEEEEING.
  1758 | D:3      | 1758 ||| FLEEEEING.
  1759 | D:3      | 1759 ||| FLEEEEING.
  1760 | D:3      | 1760 ||| FLEEEEING.
  1761 | D:3      | 1761 ||| FLEEEEING.
  1762 | D:3      | 1762 ||| FLEEEEING.
  1763 | D:3      | 1763 ||| FLEEEEING.
  1764 | D:3      | 1764 ||| FLEEEEING.
  1765 | D:3      | 1765 ||| FLEEEEING.
  1766 | D:3      | 1766 ||| FLEEEEING.
  1767 | D:3      | 1767 ||| FLEEEEING.
  1772 | D:3      | 1772 ||| FLEEEEING.
  1777 | D:3      | 1777 ||| FLEEEEING.
  1778 | D:3      | 1778 ||| FLEEEEING.
  1779 | D:3      | 1779 ||| FLEEEEING.
  1780 | D:3      | 1780 ||| FLEEEEING.
  1781 | D:3      | 1781 ||| FLEEEEING.
  1782 | D:3      | 1782 ||| FLEEEEING.
  1784 | D:3      | 1784 ||| STAIRDANCE
  1813 | D:3      | Killed Ijyb
  1840 | D:3      | 1840 ||| Stepping ~*~*~tactically~*~*~ (stealth).
  1907 | D:3      | 1907 ||| Stepping ~*~*~tactically~*~*~ (stealth).
  1908 | D:3      | 1908 ||| Stepping ~*~*~tactically~*~*~ (stealth).
  2083 | D:3      | Noticed Natasha
  2091 | D:3      | Killed Natasha
  2152 | D:3      | Noticed Natasha
  2168 | D:3      | Killed Natasha
  2415 | D:3      | Noticed Natasha
  2421 | D:3      | Killed Natasha
  2422 | D:3      | Reached skill level 6 in Axes
  2533 | D:3      | 2533 ||| READING scroll labelled SUOTARIWEWK.
  2534 | D:3      | 2534 ||| READING scroll labelled MUPLOSAWALL.
  2535 | D:3      | 2535 ||| READING scroll labelled NUTWUECLIVUI.
  2632 | D:4      | 2632 ||| Stepping ~*~*~tactically~*~*~ (stealth).
  2633 | D:4      | 2633 ||| Stepping ~*~*~tactically~*~*~ (stealth).
  2634 | D:4      | 2634 ||| Stepping ~*~*~tactically~*~*~ (stealth).
  2635 | D:4      | 2635 ||| Stepping ~*~*~tactically~*~*~ (stealth).
  2636 | D:4      | 2636 ||| Stepping ~*~*~tactically~*~*~ (stealth).
  2647 | D:4      | Reached skill level 1 in Dodging
  2765 | D:4      | Reached XP level 7. HP: 43/43 MP: 7/7
  2801 | D:4      | Mangled by an ogre

Levels and vault maps discovered:
D:1:      amcnicky_arrival_blooded_trapdoor, layout_basic,
          minmay_close_crescents
D:2:      layout_basic, basic_altar, solitary_fountain,
          hangedman_decor_clover_reticule, uniq_robin
D:3:      layout_loops_ring, uniq_sigmund, uniq_ijyb, uniq_natasha
D:4:      layout_rooms, mainiacjoe_overflow_alcove_1, minmay_misc_feat_roman,
          kennysheep_generic_room_11

Skill      XL: |  1  2  3  4  5  6 |
---------------+-------------------+-----
Axes           | 2 3 5 6 |  6.2
Fighting       | 4 |  4.0
Dodging        | 1 |  1.0
Armour         | |  3.2
Shields        | |  3.2

Action                     |  1- 3 |  4- 6 |  7- 9 || total
---------------------------+-------+-------+-------++-------
  Melee: War axe           |    84 |   125 |     5 ||   214
  Throw: Boomerang         |    61 |    48 |       ||   109
    Use: Scroll            |     3 |     5 |       ||     8
         Potion            |       |     2 |       ||     2
 Armour: Scale mail        |    18 |       |       ||    18
         Chain mail        |    21 |    83 |       ||   104
  Dodge: Dodged            |    35 |    56 |       ||    91
  Block: Buckler           |    14 |    16 |     1 ||    31

Table legend:
 A = Non-vault XP
 B = Vault XP
 C = Vault XP percentage of total XP
 D = Non-vault monster count
 E = Vault monster count
 F = Vault count percentage of total count
                 A         B        C        D         E       F
            +---------+---------+-------+---------+---------+-------
      Total |     308 |     336 |  52.2 |      71 |      14 |  16.5
            +---------+---------+-------+---------+---------+-------
        D:1 |      32 |       5 |  13.5 |      20 |       3 |  13.0
        D:2 |      58 |      29 |  33.3 |      22 |       8 |  26.7
        D:3 |     111 |     302 |  73.1 |      18 |       3 |  14.3
        D:4 |     107 |       0 |   0.0 |      11 |       0 |   0.0
            +---------+---------+-------+---------+---------+-------
